 Dungeon Crawl Stone Soup version 0.23.2-1-ga50397a6bc (webtiles) character file.

Game seed: 10964906287059135061

6617 Peloso the Carver (level 10, 0/88 HPs)
             Began as a Minotaur Fighter on May 17, 2019.
             Was a High Priest of Okawaru.
             Engulfed by a frost giant's freezing vapour (2 damage)
             ... on level 10 of the Dungeon.
             The game lasted 00:19:48 (9284 turns).

Peloso the Carver (Minotaur Fighter)                Turns: 9284, Time: 00:19:49

Health: 0/88       AC: 15    Str: 27    XL:     10   Next: 72%
Magic:  8/9        EV:  9    Int:  5    God:    Okawaru [*****.]
Gold:   237        SH: 12    Dex: 12    Spells: 9/9 levels left

rFire    x . .     SeeInvis .   a - +3 scimitar (holy)
rCold    + + .     Gourm    .   c - +0 shield
rNeg     . . .     Faith    +   G - +2 chain mail {rC+}
rPois    .         Spirit   .   (helmet restricted)
rElec    .         Reflect  .   (no cloak)
rCorr    .         Harm     .   (no gloves)
MR       +....                  r - +0 pair of boots
Stlth    ..........             y - amulet of faith
HPRegen  0.24/turn              I - ring of ice
MPRegen  0.11/turn              p - ring of protection from magic

@: mighty
A: retaliatory headbutt, horns 2
a: Heroism, Finesse, Renounce Religion


You were on level 10 of the Dungeon.
You worshipped Okawaru.
Okawaru was extremely pleased with you.
You were not hungry.

You visited 2 branches of the dungeon, and saw 11 of its levels.

You collected 453 gold pieces.
You spent 216 gold pieces at shops.

Inventory:

Hand Weapons
 a - a +3 scimitar of holy wrath (weapon)
Armour
 b - a +0 scale mail
 c - a +0 shield (worn)
 r - a +0 pair of boots (worn)
 x - a +1 chain mail of poison resistance
 G - a +2 chain mail of cold resistance (worn)
Jewellery
 p - a ring of protection from magic (right hand)
 s - a +3 ring of evasion
 y - an amulet of faith (around neck)
 D - an uncursed ring of fire
 I - a ring of ice (left hand)
Wands
 j - a wand of digging (5)
 v - a wand of iceblast (4)
 w - a wand of acid (5)
Scrolls
 g - 3 scrolls of enchant weapon {unknown}
 h - 3 scrolls of noise
 k - 7 scrolls of remove curse
 l - 3 scrolls of enchant armour
 n - 2 scrolls of magic mapping {unknown}
 o - 5 scrolls of fog {unknown}
 t - a scroll of identify
 u - a scroll of amnesia
 z - a scroll of summoning {unknown}
 E - a scroll of fear {unknown}
 F - a scroll of blinking {unknown}
Potions
 e - 5 potions of brilliance
 i - 2 potions of ambrosia
 m - 5 potions of curing
 A - a potion of cancellation
 B - a potion of invisibility
 C - 3 potions of haste {unknown}
Miscellaneous
 H - a phantom mirror
 J - a phial of floods
Comestibles
 f - 11 rations
 q - a chunk of flesh


   Skills:
 + Level 8.3 Fighting
 + Level 11.8 Long Blades
 + Level 10.2 Armour
 + Level 4.1 Dodging
 + Level 1.1 Stealth
 + Level 9.3 Shields
 + Level 0.3 Invocations


You had 9 spell levels left.
You didn't know any spells.
Your spell library contained the following spells:

 Spells                   Type           Power        Failure   Level  Hunger
 Animate Skeleton         Necr           N/A          99%         1    ##.....
 Apportation              Tloc           #.....       99%         1    ##.....
 Confusing Touch          Hex            #.....       99%         1    ##.....
 Freeze                   Ice            #...         99%         1    ##.....
 Magic Dart               Conj           #...         99%         1    ##.....
 Sandblast                Erth           #.....       99%         1    ##.....
 Summon Small Mammal      Summ           #...         99%         1    ##.....
 Blink                    Tloc           N/A          100%        2    ###....
 Call Imp                 Summ           #.......     100%        2    ###....
 Passwall                 Tmut/Erth      #.......     100%        2    ###....
 Searing Ray              Conj           #.....       100%        2    ###....
 Slow                     Hex            #.......     100%        2    ###....
 Throw Frost              Conj/Ice       #.....       100%        2    ###....
 Call Canine Familiar     Summ           #.......     100%        3    ####...
 Conjure Flame            Conj/Fire      #.......     100%        3    ####...
 Dazzling Spray           Conj/Hex       #.....       100%        3    ####...
 Mephitic Cloud           Conj/Pois/Air  #.......     100%        3    ####...
 Ozocubu's Armour         Chrm/Ice       #.......     100%        3    ####...
 Stone Arrow              Conj/Erth      #.....       100%        3    ####...
 Summon Guardian Golem    Hex/Summ       #.......     100%        3    ####...
 Force Lance              Conj/Tloc      #.......     100%        4    #####..
 Fulminant Prism          Conj/Hex       #.........   100%        4    #####..
 Iskenderun's Mystic Bla  Conj           #.......     100%        4    #####..
 Petrify                  Tmut/Erth      #.......     100%        4    #####..
 Summon Ice Beast         Ice/Summ       #.......     100%        4    #####..
 Summon Lightning Spire   Summ/Air       #.......     100%        4    #####..
 Throw Icicle             Conj/Ice       #.......     100%        4    #####..
 Lee's Rapid Deconstruct  Erth           #.........   100%        5    ######.


Dungeon Overview and Level Annotations

Branches:
Dungeon (10/15)            Temple (1/1) D:5            Lair (0/6) D:10
    Orc (0/2) D:10

Altars:
Cheibriados
Elyvilon
Fedhas
Hepliaklqana
Kikubaaqudgha
Okawaru
Qazlal
Sif Muna
Trog
Uskayaw
Wu Jian
Xom
Yredelemnul
Zin
The Shining One

Shops:
D:7 =

Annotations:
D:9 1 runed translucent door, brittlin's ghost, novice DrIE


Innate Abilities, Weirdness & Mutations

You reflexively headbutt those who attack you in melee.
You have a pair of horns on your head.


Message History

You headbutt the frost giant, but do no damage.
The frost giant is heavily wounded.
You are engulfed in freezing vapours.
You resist.
The frost giant hits you with the +8 frozen axe "Frostbite" {freezing cloud, *Noise +Fly rC+}!
* * * LOW HITPOINT WARNING * * *
The frost giant freezes you.
* * * LOW HITPOINT WARNING * * *
Okay, then.
Okay, then.
You feel very mighty all of a sudden.
You are engulfed in freezing vapours.
You resist.
* * * LOW HITPOINT WARNING * * *
You feel like a meek peon again.
The frost giant points at you and mumbles some strange words.
The bolt of cold hits you. You resist.
* * * LOW HITPOINT WARNING * * *
You slice the frost giant!! You headbutt the frost giant!
The frost giant is almost dead.
You are engulfed in freezing vapours.
You resist.
You die...

.##..........# .#....
..#...^....###.......... ....#
..#.......####.......... ......
#....................... . #
..#..#................ #).
..#.##.............>. .. ###
.#####.............##... .
##.####.........C....... #.
#...###.....##..@......# ..
...###........).....#..## ##
##.####...#####.>...#...##
#..#.....[.##...........##
##.##.......##............####
.#....#.....##.......#.......####
......#.....##...........)...))..
.............................####
............#..........####### #


You could see a frost giant.

Vanquished Creatures
  A rust devil (D:7)
  Psyche (D:9)
  3 rime drakes (D:10)
  A polar bear (D:10)
  Prince Ribbit (D:9)
  2 wyverns
  3 yaks (D:9)
  A steam dragon (D:9)
  A water moccasin (D:10)
  5 ice beasts
  2 orc warriors
  A phantom (D:4)
  2 necrophages (D:7)
  A sky beast (D:8)
  5 ogres
  2 centaurs
  A crocodile (D:9)
  9 bullfrogs
  3 scorpions
  A water moccasin skeleton (D:9)
  A howler monkey (D:10)
  A bullfrog zombie (D:8)
  4 crimson imps
  A quasit (D:6)
  An orc priest (D:5)
  5 hounds
  7 orc wizards
  2 jellies
  A centaur skeleton (D:7)
  5 iguanas
  Natasha (thrice) (D:2)
  7 worker ants
  A hound zombie (D:7)
  3 hound skeletons
  11 adders
  4 shadow imps
  An adder skeleton (D:8)
  8 worms
  2 dart slugs (D:1)
  3 leopard geckos
  17 orcs
  5 giant cockroaches
  3 goblins
  8 hobgoblins
  8 jackals
  8 kobolds
  6 quokkas
  3 ball pythons
  9 bats
  9 frilled lizards
  2 jackal skeletons (D:5)
  A leopard gecko skeleton (D:5)
  A quokka zombie (D:5)
  11 rats
208 creatures vanquished.

Notes
Turn   | Place    | Note
-------+----------+-------------------------------------------
     0 | D:1      | Peloso the Minotaur Fighter began the quest for the Orb.
     0 | D:1      | Reached XP level 1. HP: 19/19 MP: 0/0
   201 | D:1      | Reached XP level 2. HP: 23/27 MP: 1/1
   741 | D:1      | Reached XP level 3. HP: 19/33 MP: 2/2
  1144 | D:2      | Reached skill level 3 in Long Blades
  1220 | D:2      | Reached XP level 4. HP: 34/40 MP: 3/3
  1229 | D:2      | Noticed Natasha
  1241 | D:2      | Killed Natasha
  1280 | D:2      | Noticed Natasha
  1291 | D:2      | Killed Natasha
  1576 | D:2      | Reached skill level 1 in Dodging
  1576 | D:2      | Reached XP level 5. HP: 46/46 MP: 4/4
  1637 | D:2      | Noticed Natasha
  1643 | D:2      | Killed Natasha
  1643 | D:2      | Reached skill level 5 in Shields
  1858 | D:3      | Reached skill level 5 in Armour
  1929 | D:3      | Reached skill level 4 in Long Blades
  2296 | D:3      | Found an ancient bone altar of Kikubaaqudgha.
  2537 | D:4      | Found Zin's Purification Station.
  2540 | D:4      | Found a glowing silver altar of Zin.
  2545 | D:4      | Bought a potion of curing for 90 gold pieces
  2609 | D:4      | Noticed a phantom
  2640 | D:4      | Killed a phantom
  2640 | D:4      | Reached XP level 6. HP: 37/53 MP: 5/5
  2806 | D:4      | Noticed a moth of wrath
  2809 | D:4      | Found a bloodstained altar of Trog.
  3245 | D:5      | Entered Level 5 of the Dungeon
  3255 | D:5      | Noticed an ice beast
  3273 | D:5      | Killed an ice beast
  3273 | D:5      | Reached skill level 5 in Long Blades
  3695 | D:5      | Noticed an ice beast
  3716 | D:5      | Killed an ice beast
  3716 | D:5      | Reached XP level 7. HP: 44/60 MP: 6/6
  3777 | D:5      | Found a staircase to the Ecumenical Temple.
  3798 | Temple   | Entered the Ecumenical Temple
  3910 | Temple   | Became a worshipper of Warmaster Okawaru
  4871 | D:6      | Reached skill level 5 in Fighting
  4871 | D:6      | Reached skill level 6 in Long Blades
  5281 | D:7      | Found a hazy altar of Hepliaklqana.
  5325 | D:7      | Found Tupumool's Jewellery Boutique.
  5328 | D:7      | Bought a cursed ring of attention for 63 gold pieces
  5328 | D:7      | Bought a cursed ring of teleportation for 63 gold pieces
  5362 | D:7      | Reached XP level 8. HP: 56/67 MP: 7/7
  5416 | D:7      | Reached skill level 1 in Stealth
  5572 | D:7      | Reached skill level 7 in Long Blades
  5606 | D:7      | Reached * piety under Okawaru
  5644 | D:6      | Noticed a rust devil
  5644 | D:6      | Noticed a rust devil
  6467 | D:7      | Killed a rust devil
  6467 | D:7      | Reached ** piety under Okawaru
  6467 | D:7      | Reached skill level 8 in Long Blades
  6507 | D:6      | Reached XP level 9. HP: 65/72 MP: 5/8
  6819 | D:8      | Reached skill level 9 in Long Blades
  6901 | D:8      | Found a glowing golden altar of the Shining One.
  6919 | D:8      | Reached *** piety under Okawaru
  7325 | D:9      | Found a basalt altar of Yredelemnul.
  7331 | D:9      | Noticed Prince Ribbit
  7339 | D:9      | Killed Prince Ribbit
  7339 | D:9      | Reached skill level 10 in Long Blades
  7352 | D:9      | Reached **** piety under Okawaru
  7489 | D:9      | Noticed Psyche
  7498 | D:9      | Killed Psyche
  7498 | D:9      | Received a gift from Okawaru
  7498 | D:9      | Reached XP level 10. HP: 72/82 MP: 9/9
  7680 | D:9      | Reached skill level 11 in Long Blades
  7849 | D:9      | Found a runed translucent door.
  7850 | D:9      | Found a shimmering altar of Xom.
  7850 | D:9      | Noticed brittlin's ghost (novice DrIE)
  7853 | D:9      | Noticed a +0 hand axe of chaos
  8324 | D:10     | Entered Level 10 of the Dungeon
  8356 | D:10     | Found a staircase to the Lair.
  8360 | D:10     | Reached ***** piety under Okawaru
  8821 | D:10     | Identified the +4 ice dragon scales "Oklokyth" {rF- rC++
                  | rN+ Str+2 Int+2}
  9158 | D:10     | Reached skill level 10 in Armour
  9262 | D:10     | Found a staircase to the Orcish Mines.
  9263 | D:10     | Noticed a frost giant
  9283 | D:10     | HP: 3/88 [frost giant] (4)]
  9284 | D:10     | Engulfed by a frost giant's freezing vapour

Skill      XL: |  1  2  3  4  5  6  7  8  9 10 |
---------------+-------------------------------+-----
Armour         | 4 5 6 8 9 10 | 10.2
Fighting       | 4 5 6 8 |  8.3
Shields        | 4 5 6 7 8 9 |  9.3
Long Blades    | 3 4 5 6 8 10 11 | 11.8
Dodging        | 1 2 3 4 |  4.1
Stealth        | 1 |  1.1
Invocations    | |  0.3

Action                   |  1- 3 |  4- 6 |  7- 9 | 10-12 || total
-------------------------+-------+-------+-------+-------++-------
Melee: Long sword        |    94 |   139 |   125 |       ||   358
       Headbutt          |    11 |    27 |    56 |    43 ||   137
       Scimitar          |       |       |    91 |   164 ||   255
Invok: Heroism           |       |       |     2 |     2 ||     4
  Use: Scroll            |       |     3 |    10 |     1 ||    14
       Potion            |       |       |     1 |     2 ||     3
  Eat: Chunk             |     1 |     5 |    11 |     7 ||    24
       Ration            |       |     1 |       |       ||     1
Armor: Scale mail        |    56 |    53 |    16 |       ||   125
       Plate armour      |       |       |    14 |       ||    14
       Chain mail        |       |       |    34 |    76 ||   110
Dodge: Dodged            |    36 |    43 |    71 |    38 ||   188
Block: Shield            |    70 |    66 |   119 |    87 ||   342
       Rpst.: Long sword |    11 |    16 |    15 |       ||    42
       Scimitar          |       |       |     9 |    14 ||    23
